 Dungeon Crawl Stone Soup version 0.29-a0-322-g68df515428 (webtiles) character file.

Game seed: 12420036375397752224

298 wakim the Insei (level 6, 0/42 HPs)
             Began as an Octopode Transmuter on Apr 6, 2022.
             Slain by an orc wizard
             ... wielding a +0 dagger
              (4 damage)
             ... on level 4 of the Dungeon.
             The game lasted 00:07:58 (4095 turns).

wakim the Insei (Octopode Transmuter)               Turns: 4095, Time: 00:07:58

Health: 0/42       AC:  1    Str: 10    XL:     6   Next: 35%
Magic:  9/9        EV: 13    Int: 17    God:
Gold:   130        SH:  0    Dex: 12    Spells: 5/9 levels left

rFire   . . .      SeeInvis .   a - +1 rapier (speed)
rCold   . . .      Faith    .   (no shield)
rNeg    . . .      Spirit   .   (helmet currently unavailable)
rPois   .          Reflect  .   (no amulet)
rElec   .          Harm     .   (no ring)
rCorr   .          Rampage  .   (no ring)
Will    .....                   (no ring)
Stlth   +++.......              (no ring)
HPRegen 0.14/turn               (no ring)
MPRegen 0.11/turn               (no ring)
                                (no ring)
                                (no ring)

@: appendages (expiring), studying Ice Magic
A: tentacle spike 3, almost no armour, amphibious, 8 rings, camouflage 1,
gelatinous body 1, (nimble swimmer 1), tentacles
a: End Transformation


You were on level 4 of the Dungeon.
One of your tentacles had grown a beastly spike.
You visited 1 branch of the dungeon, and saw 4 of its levels.

You collected 130 gold pieces.

Inventory:

Hand Weapons
 a - a +1 rapier of speed (weapon)
 M - a +0 dagger
Scrolls
 N - a scroll of fear {unknown}
 O - a scroll of amnesia {unknown}
 Q - 2 scrolls of enchant weapon {unknown}
 R - 2 scrolls of silence {unknown}
 V - a scroll of magic mapping {unknown}
 W - 3 scrolls of teleportation {unknown}
 Y - a scroll of identify {unknown}
 Z - a scroll of fog {unknown}
Potions
 C - a potion of berserk rage {!q}
 J - a potion of heal wounds
 K - 2 potions of magic
 L - a potion of lignification {!q}
 T - a potion of resistance {unknown}
 X - a potion of ambrosia {unknown}


   Skills:
 + Level 3.0 Fighting
 - Level 2.0 Dodging
 - Level 3.0 Stealth
 * Level 4.8 Unarmed Combat
 - Level 2.0 Spellcasting
 * Level 3.6 Transmutations


You had 5 spell levels left.
You knew the following spells:

 Your Spells              Type           Power      Damage    Failure   Level
a - Beastly Appendage     Tmut           28%        N/A       4%          1
x - Spider Form           Tmut/Pois      7%         N/A       28%         3

Your spell library contained the following spells:

 Spells                   Type           Power      Damage    Failure   Level
 Wereblood                Tmut           14%        N/A       7%          2
 Ice Form                 Ice/Tmut       7%         N/A       67%         4


Dungeon Overview and Level Annotations

Branches:
Dungeon (4/15)
 Temple: D:4-7

Altars:
Cheibriados
Ru
Zin

Shops:
D:1 :

Annotations:
D:2 exclusion: 4 gnolls
D:3 2 transporters, 1 runed translucent door, Ajdolov's ghost, amateur OgFE; Crazy Yiuf; Terence
D:4 Sigmund


Innate Abilities, Weirdness & Mutations

One of your tentacles has grown a beastly spike.
You cannot wear most types of armour.
You are amphibious.
You can wear up to eight rings at the same time.
Your skin changes colour to match your surroundings (Stealth+).
Your rubbery body absorbs attacks. (AC +1, EV +1)
((You are camouflaged when in or above water. (Stealth+)))
You have tentacles for arms and can constrict up to eight enemies at once.


Message History

An adder, a kobold and a worm come into view.
There is a stone staircase leading up, spattered with blood here.
Casting: Beastly Appendage (safe; 4% risk of failure)
Confirm with . or Enter, or press ? or * to list all spells.
One of your tentacles grows a vicious spike.
You hit the orc wizard. Your grab misses the orc wizard.
Your squeeze misses the orc wizard.
The orc wizard is moderately wounded.
The orc wizard mumbles some strange words.
The orc wizard flickers and vanishes!
Deactivating autopickup; reactivate with Ctrl-A.
You closely miss something.
Your tentacle spike misses something.
Your squeeze misses something. Something hits you. 37/42 (-5)
You closely miss something.
Your tentacle spike misses something.
Your squeeze misses something. The orc hits you with a +0 flail!
Something hits you. 26/42 (-11)
You hit the orc. Your grab misses the orc.
You pierce the orc.
You kill the orc!
You miss something.
You pierce something.
Something hits you.
Unknown command.
You closely miss something. Something hits you.
* * * LOW HITPOINT WARNING * * *
You closely miss something.
You pierce something.
Your transformation is almost over.
Something hits you.
* * * LOW HITPOINT WARNING * * *
You miss something.
Your tentacle spike misses something.
Your squeeze misses something.
You hear some strange, mumbled words.
A puff of flame appears from out of thin air!
The puff of flame hits you!
* * * LOW HITPOINT WARNING * * *
You hit something.
Your tentacle spike misses something.
You hit something but do no damage.
You hear some strange, mumbled words.
Something tries to affect you, but you resist.
You closely miss something. Your squeeze misses something. Something hits you.
You die...

##....## ##.# #####
##......# #... #.#.#
###....#.## ##.#
##...#####.....##'#
###
#.......#.....##$.S
##.............####K
### #.........#.#..#
#w##.# .#
##.....){#####....
.#... . #.......@##
.#.## ##.. #.#
#...........# .#..#
#.oo
....#............# .
..#oo>.
#.....#...........#
. ......
....####..........#
.......n
.##...#............#
........
.>..................
...#...> ......
........##. .W......
......


There were no monsters in sight!

Vanquished Creatures
  A necrophage (D:4)
  A howler monkey (D:4)
  A hound (D:4)
  2 iguanas (D:3)
  5 adders
  An ufetubus (D:4)
  A dart slug (D:1)
  7 orcs
  5 ball pythons
  5 bats
  6 endoplasms
  5 giant cockroaches
  3 goblins
  3 hobgoblins
  2 quokkas (D:1)
  6 frilled lizards
  8 kobolds
  A rat (D:3)
63 creatures vanquished.

Notes
Turn   | Place    | Note
-------+----------+-------------------------------------------
     0 | D:1      | wakim the Octopode Transmuter began the quest for the Orb.
     0 | D:1      | Reached XP level 1. HP: 13/13 MP: 3/3
    19 | D:1      | !bestwep
   212 | D:1      | Found Vuelehe's Book Shop.
   264 | D:1      | Reached skill level 1 in Stealth
   422 | D:1      | Reached XP level 2. HP: 18/18 MP: 1/5
  1180 | D:1      | Reached XP level 3. HP: 23/23 MP: 4/6
  1346 | D:1      | Found a faded altar of an unknown god.
  1957 | D:2      | Learned a level 3 spell: Spider Form
  2128 | D:2      | Reached XP level 4. HP: 26/29 MP: 5/7
  2464 | D:3      | Noticed Terence
  2765 | D:3      | !bestwep
  2780 | D:3      | Found a transporter.
  2784 | D:3      | Found a transporter.
  2784 | D:3      | Noticed Ajdolov's ghost (amateur OgFE)
  2983 | D:3      | Found a runed translucent door.
  2984 | D:3      | Noticed Crazy Yiuf
  3231 | D:4      | Noticed Sigmund
  3232 | D:4      | Noticed a phantom
  3255 | D:4      | Reached skill level 4 in Unarmed Combat
  3258 | D:4      | Reached XP level 5. HP: 32/35 MP: 6/8
  3444 | D:3      | HP: 1/35 [poisoned by an adder]
  3731 | D:4      | Reached XP level 6. HP: 18/41 MP: 4/9
  3966 | D:4      | Found a sacrificial altar of Ru.
  3968 | D:4      | Found a snail-covered altar of Cheibriados.
  3970 | D:4      | Found a glowing silver altar of Zin.
  4095 | D:4      | Slain by an orc wizard

Illustrated notes ######### #........ #@# #######.# .$......# ###.###.# #.###.# #.....#### ##.......## #######..# ##≈≈≈≈≈##'# Turn 19 on D:1: !bestwep

#### #... #... #... #.
#...
##...################...
.......@................
##.#####.#####.....##...
#.## #...........
#..###...........
##...........#...
#######.......#####
..............##
#######........#
#.........#


Turn 2765 on D:3: !bestwep

Levels and vault maps discovered:
D:1:      wander_arrival_chamber, layout_loops_ring,
          shapermc_ecumenical_altar_petra, serial_shops, nicolae_diamond_shop,
          dreamdust_princess_bridge, patterned_corridor
D:2:      layout_loops_ring, minmay_misc_feat_enclosed, minmay_tall_x
D:3:      layout_rooms, gammafunk_ghost_arena, uniq_terence,
          uniq_crazy_yiuf_cottage
D:4:      layout_cave_pools, grunt_temple_overflow_diamond, enter_ossuary_4,
          minmay_fractal_squares_gapless_5, uniq_sigmund

Skill      XL: |  1  2  3  4  5  6 |
---------------+-------------------+-----
Stealth        | 1 2 3 |  3.0
Fighting       | 2 3 |  3.0
Unarmed Combat | 4 |  4.8
Transmutations | 3 |  3.6
Dodging        | |  2.0
Spellcasting   | |  2.0

Action                   |  1- 3 |  4- 6 || total
-------------------------+-------+-------++-------
Melee: Unarmed           |    62 |    27 ||    89
       Kick              |    20 |    14 ||    34
       Constrict         |    15 |    18 ||    33
       Tentacles         |     6 |    11 ||    17
       Punch             |     2 |     1 ||     3
       Rapier            |       |    59 ||    59
 Cast: Beastly Appendage |    21 |     9 ||    30
       Spider Form       |       |     1 ||     1
  Use: Potion            |       |     3 ||     3
 Stab: Sleeping          |    11 |     8 ||    19
Armor: Skin              |     3 |     6 ||     9
Dodge: Dodged            |    29 |    63 ||    92

Table legend: (Time is in decaauts)
 A = Elapsed time spent in this place.
 B = Non-inter-level travel time spent in this place.
 C = Inter-level travel time spent in this place.
 D = Time resting spent in this place.
 E = Time spent auto-exploring this place.
 F = Levels seen in this place.
 G = Mean time per level.
                   A        B        C        D        E       F      G
               +--------+--------+--------+--------+--------+-----+--------+
         Total |   4093 |   3906 |    187 |    537 |   2722 |   4 | 1023.2 |
       Dungeon |   4093 |   3906 |    187 |    537 |   2722 |   4 | 1023.2 |
               +--------+--------+--------+--------+--------+-----+--------+

Top non-repeatable levels by time:
     D:3: 1487 daAuts
     D:1: 1436 daAuts
     D:2: 973 daAuts
     D:4: 195 daAuts
